 Dungeon Crawl Stone Soup version 0.30-a0-622-gddc90eaa04 (webtiles) character file.

Game seed: 16429050692622176253

13493 OTABOTABOTAB the Destroyer (level 12, -2/59 HPs)
             Began as a Gargoyle Earth Elementalist on Jan 11, 2023.
             Was a Believer of Sif Muna.
             Slain by a six-headed hydra (10 damage)
             ... on level 1 of the Lair of Beasts.
             The game lasted 00:32:33 (13799 turns).

OTABOTABOTAB the Destroyer (GrEE)                  Turns: 13799, Time: 00:32:34

Health: -2/59      AC: 14    Str: 15    XL:     12   Next: 6%
Magic:  17/26      EV: 12    Int: 20    God:    Sif Muna [**....]
Gold:   913        SH:  0    Dex: 22    Spells: 25/31 levels left

rFire   . . .      SeeInvis +    a - +4 sling of Unreason {drain, Dex+6 SInv}
rCold   . . .      Faith    .    (no shield)
rNeg    + . .      Spirit   .    w - +0 robe of Liberty {Str+2 Dex+6}
rPois   ∞          Reflect  .    g - +0 helmet
rElec   +          Harm     .    (no cloak)
rCorr   .          Rampage  .    u - +2 pair of gloves
Will    .....                    (no boots)
Stlth   ++                       (no amulet)
HPRegen 0.29/turn                (no ring)
MPRegen 0.20/turn                (no ring)

@: no status effects
A: sickness immunity, AC +8, negative energy resistance 1, electricity
resistance, torment resistance 1, petrification resistance
a: Renounce Religion, Channel Magic


You were on level 1 of the Lair of Beasts.
You worshipped Sif Muna.
Sif Muna was pleased with you.
You visited 4 branches of the dungeon, and saw 13 of its levels.
You also visited: Bailey.

You collected 973 gold pieces.
You spent 60 gold pieces at shops.

Inventory:

Hand Weapons
 a - the +4 sling of Unreason (weapon) {drain, Dex+6 SInv}
   (You took it off an orc in a bailey)

   Dex:       It affects your dexterity (+6).
   SInv:      It lets you see invisible.
 b - the +9 rapier of Foifesenn {heavy, *Noise rC+++ rCorr Str+4}
   (You found it on level 10 of the Dungeon)

   Str:       It affects your strength (+4).
   rC:        It renders you almost immune to cold.
   *Noise:    It may make noises in combat.
   rCorr:     It protects you from acid and corrosion.
Missiles
 k - 6 boomerangs
 n - 29 javelins
 q - 21 poisoned darts
 s - 142 stones
Armour
 f - a scarf of harm
   (You found it on level 9 of the Dungeon)
 g - a +0 helmet (worn)
   (You found it on level 4 of the Dungeon)
 i - a +1 robe
 m - an orb of energy
   (You found it on level 2 of the Dungeon)
 u - a +2 pair of gloves (worn)
   (You found it on level 5 of the Dungeon)
 w - the +0 robe of Liberty (worn) {Str+2 Dex+6}
   (You found it on level 6 of the Dungeon)

   Str:       It affects your strength (+2).
   Dex:       It affects your dexterity (+6).
Magical Staves
 d - a staff of cold {rC+}
   (You took it off an orc on level 10 of the Dungeon)
 e - a staff of air {rElec}
   (You found it on level 3 of the Dungeon)
 v - a staff of death {rN+}
   (You found it on level 8 of the Dungeon)
 y - a staff of cold {rC+}
   (You found it in a bailey)
Jewellery
 c - a ring of ice {rC+, rF-}
   (You took it off a wight on level 10 of the Dungeon)
Wands
 r - a wand of light (18)
   (You found it on level 5 of the Dungeon)
Scrolls
 h - 5 scrolls of enchant weapon
 j - 2 scrolls of fog
 o - a scroll of poison
 t - 2 scrolls of enchant armour
 X - a scroll of magic mapping {@r4!r}
 Y - 9 scrolls of teleportation {@r3}
Potions
 l - 3 potions of cancellation
 p - 2 potions of attraction {!q}
 z - a potion of magic
 B - a potion of brilliance
 H - 2 potions of haste
 M - 2 potions of might
 P - a potion of lignification {!q}
 R - a potion of resistance
 U - 2 potions of mutation {!q}


   Skills:
 - Level 0.2 Fighting
 - Level 1.6 Dodging
 - Level 2.1 Stealth
 + Level 10.3 Spellcasting
 + Level 10.4 Conjurations
 - Level 3.0 Transmutations
 + Level 2.4 Ice Magic
 + Level 2.0 Air Magic
 - Level 10.0 Earth Magic
 - Level 9.1 Invocations


You had 25 spell levels left.
You knew the following spells:

 Your Spells              Type           Power      Damage    Failure   Level
a - Sandblast             Erth           100%       2d20      1%          1
w - Passwall              Tmut/Erth      30%        N/A       1%          2
x - Stone Arrow           Conj/Erth      100%       3d13      1%          3

Your spell library contained the following spells:

 Spells                   Type           Power      Damage    Failure   Level
 Beastly Appendage        Tmut           44%        N/A       1%          1
 Wereblood                Tmut           22%        N/A       3%          2
 Petrify                  Tmut/Erth      36%        N/A       4%          4
 Ozocubu's Armour         Ice            20%        N/A       8%          3
 Spider Form              Tmut/Pois      16%        N/A       11%         3
 Portal Projectile        Hex/Tloc       20%        N/A       21%         3
 Tukima's Dance           Hex            10%        N/A       21%         3
 Freezing Cloud           Conj/Ice/Air   15%        6-21      24%         5
 Blade Hands              Tmut           11%        N/A       50%         5
 Passage of Golubria      Tloc           10%        N/A       56%         4
 Yara's Violent Unravell  Hex/Tmut       8%         3d5       71%         5
 Simulacrum               Ice/Necr       7%         N/A       99%         6
 Ozocubu's Refrigeration  Ice            10%        4d9       100%        7
 Polar Vortex             Ice            10%        N/A       100%        9


Dungeon Overview and Level Annotations

Branches:
Dungeon (10/15)            Temple (1/1) D:4            Lair (1/5) D:9
    Orc (1/2) D:10         Bailey (visited)

Altars:
Ashenzari
Cheibriados
Dithmenos
Elyvilon
Fedhas
Gozag
Hepliaklqana
Kikubaaqudgha
Makhleb
Nemelex Xobeh
Okawaru
Qazlal
Ru
Sif Muna
Trog
Uskayaw
Vehumet
Wu Jian
Xom
Yredelemnul
Zin
The Shining One

Shops:
D:7 ?


Innate Abilities, Weirdness & Mutations

You are immune to sickness and miasma.
Your stone body is resilient. (AC +8)
You are immune to poison.
You resist negative energy. (rN+)
You are resistant to electric shocks. (rElec)
You are resistant to unholy torment.
You are immune to petrification.


Message History

Sif Muna accepts your kill.
You now have 19/25 mp.
You see here a basilisk corpse.
A komodo dragon comes into view.
MP restored: 25 You shoot a sling bullet.
The sling bullet barely misses the komodo dragon.
The komodo dragon hisses angrily.
You shoot a sling bullet.
The sling bullet hits the komodo dragon.
You drain the komodo dragon. You shoot a sling bullet.
The sling bullet hits the komodo dragon!
You shoot a sling bullet.
The sling bullet hits the komodo dragon!
Aim: a komodo dragon (heavily wounded, lightly drained, 82% to hit)
The stone arrow hits the komodo dragon!!
You now have 22/25 mp.
Aim: a komodo dragon (almost dead, lightly drained, 82% to hit)
The stone arrow hits the komodo dragon!
You kill the komodo dragon!
Sif Muna accepts your kill.
Your Ice Magic skill increases to level 2!
You have reached level 12!
You feel clever.
Health restored: 59 You now have 19/26 mp.
An eight-headed hydra comes into view.
Found a stone staircase leading down.
MP restored: 26 You shoot a sling bullet.
The sling bullet hits the eight-headed hydra.
You shoot a sling bullet.
The sling bullet barely misses the eight-headed hydra.
Aim: an eight-headed hydra (lightly wounded, 92% to hit)
The stone arrow hits the eight-headed hydra!!
You now have 23/26 mp.
Aim: an eight-headed hydra (moderately wounded, 92% to hit)
The stone arrow hits the eight-headed hydra!
You now have 20/26 mp.
Aim: an eight-headed hydra (heavily wounded, 92% to hit)
The stone arrow hits the eight-headed hydra!!
The eight-headed hydra bites you!
The eight-headed hydra bites you but does no damage.
The eight-headed hydra closely misses you.
The eight-headed hydra bites you.
The eight-headed hydra bites you but does no damage. x3
The eight-headed hydra closely misses you.
You take 13 damage, and have 46/59 hp.
MASSIVE DAMAGE!!
You now have 17/26 mp.
Aim: an eight-headed hydra (almost dead, 92% to hit)
The stone arrow hits the eight-headed hydra!!
You kill the eight-headed hydra!
Sif Muna accepts your kill.
Your Air Magic skill increases to level 2!
You now have 14/26 mp.
You see here a hydra corpse.
H - 2 potions of haste (gained 1)
A six-headed hydra comes into view.
The six-headed hydra roars!
The six-headed hydra moves out of view.
Health restored: 59; MP restored: 26 A six-headed hydra is nearby!
Aim: a six-headed hydra (92% to hit)
The stone arrow hits the six-headed hydra!!
The six-headed hydra bites you but does no damage.
The six-headed hydra bites you! The six-headed hydra bites you.
The six-headed hydra completely misses you.
The six-headed hydra closely misses you.
The six-headed hydra bites you!
You take 23 damage, and have 36/59 hp.
MASSIVE DAMAGE!!
You now have 23/26 mp.
Aim: a six-headed hydra (moderately wounded, 92% to hit)
The stone arrow hits the six-headed hydra!
The six-headed hydra bites you!
The six-headed hydra bites you but does no damage.
The six-headed hydra barely misses you.
The six-headed hydra bites you but does no damage.
The six-headed hydra misses you. The six-headed hydra bites you.
* * * LOW HITPOINT WARNING * * *
You take 19 damage, and have 17/59 hp.
MASSIVE DAMAGE!!
You now have 20/26 mp.
Aim: a six-headed hydra (heavily wounded, 92% to hit)
The stone arrow hits the six-headed hydra!
The six-headed hydra bites you but does no damage.
The six-headed hydra bites you!
* * * LOW HITPOINT WARNING * * *
The six-headed hydra bites you but does no damage. x2
The six-headed hydra bites you.
* * * LOW HITPOINT WARNING * * *
The six-headed hydra bites you but does no damage.
You take 16 damage, and have 1/59 hp.
MASSIVE DAMAGE!!
You now have 17/26 mp.
You feel better. The six-headed hydra misses you.
The six-headed hydra bites you!
You die...

## #####..## ..
#.##.......####### #.#
#..........#.#.P..
#..###................#
#.............##..P###
#...........###...##
#........## #..##
##.....### #..# ##@..##
...## #D### ##... #..
#####..# ..####......#
#..###......#
#..#.......##
..P##.......##
#..##........# ###.#
#........##


You could see a six-headed hydra.

Vanquished Creatures
  A hydra (Lair:1)
  An ogre mage (D:10)
  3 two-headed ogres
  An ugly thing (D:9)
  A gargoyle (D:10)
  A cane toad (Lair:1)
  2 komodo dragons (Lair:1)
  A polar bear (Lair:1)
  A troll (D:9)
  2 shadows
  4 wyverns
  14 yaks
  A wraith (D:9)
  A basilisk (Lair:1)
  2 steam dragons
  19 orc warriors
  A water moccasin (D:8)
  A black bear (D:8)
  An ice beast (D:8)
  2 sky beasts
  2 ogres
  14 centaurs
  A kobold brigand (D:7)
  5 bullfrogs
  2 scorpions
  8 wights (D:10)
  4 howler monkeys
  2 jellies
  3 gnoll boudas
  A hound (D:5)
  3 iguanas
  2 orc priests
  4 orc wizards
  12 gnolls
  An adder (D:4)
  2 white imps
  An ufetubus (D:6)
  A worm (D:3)
  2 dart slugs
  40 orcs
  10 ball pythons
  10 endoplasms
  3 giant cockroaches
  10 goblins
  9 hobgoblins
  6 jackals
  4 quokkas
  4 bats
  2 frilled lizards
  16 kobolds
  6 rats
250 creatures vanquished.

Vanquished Creatures (others)
  A fungus (Lair:1)
  A plant (Lair:1)
2 creatures vanquished.

Grand Total: 252 creatures vanquished

Notes
Turn   | Place    | Note
-------+----------+-------------------------------------------
     0 | D:1      | OTABOTABOTAB the Gargoyle Earth Elementalist began the
                  | quest for the Orb.
     0 | D:1      | Reached XP level 1. HP: 10/10 MP: 3/3
   178 | D:1      | Reached skill level 1 in Transmutations
   305 | D:1      | Reached XP level 2. HP: 15/15 MP: 1/5
   518 | D:1      | Reached skill level 4 in Earth Magic
   551 | D:1      | Learned a level 2 spell: Passwall
   664 | D:1      | Reached XP level 3. HP: 19/19 MP: 3/6
   827 | D:1      | Learned a level 3 spell: Stone Arrow
  1318 | D:2      | You fall into a shaft and drop 1 floor!
  2153 | D:3      | Reached XP level 4. HP: 24/24 MP: 3/8
  2622 | D:3      | Reached skill level 1 in Conjurations
  2715 | D:4      | Found a staircase to the Ecumenical Temple.
  2724 | Temple   | Entered the Ecumenical Temple
  3135 | D:4      | Reached skill level 2 in Transmutations
  3227 | D:4      | Reached skill level 3 in Spellcasting
  3227 | D:4      | Reached XP level 5. HP: 28/28 MP: 5/9
  3281 | D:4      | Found a hazy altar of Hepliaklqana.
  3285 | D:4      | Found a shadowy altar of Dithmenos.
  3285 | D:4      | Noticed a shadow
  3355 | D:4      | Found a shimmering altar of Xom.
  3638 | D:5      | Entered Level 5 of the Dungeon
  3756 | D:5      | Reached skill level 5 in Earth Magic
  3759 | D:5      | Reached skill level 2 in Conjurations
  3984 | D:5      | Reached XP level 6. HP: 25/32 MP: 8/11
  4844 | D:6      | Reached skill level 3 in Conjurations
  4844 | D:6      | Reached XP level 7. HP: 36/36 MP: 9/12
  4908 | D:6      | Reached skill level 3 in Transmutations
  4985 | D:6      | Reached skill level 4 in Spellcasting
  4985 | D:6      | Reached skill level 6 in Earth Magic
  5051 | D:6      | Identified the +0 robe of Liberty {Str+2 Dex+6}
  5124 | D:6      | Reached skill level 4 in Conjurations
  5151 | D:6      | Noticed a steam dragon
  5157 | D:6      | HP: 9/36 [steam dragon/ball of steam (21)]
  5158 | D:6      | Killed a steam dragon
  5158 | D:6      | HP: 3/36 [something (6)]
  5159 | D:6      | Reached XP level 8. HP: 4/41 MP: 10/15
  5685 | D:6      | Reached skill level 7 in Earth Magic
  5686 | D:6      | Reached skill level 5 in Spellcasting
  5686 | D:6      | Reached skill level 5 in Conjurations
  6006 | D:7      | Noticed a wyvern
  6011 | D:7      | Killed a wyvern
  6061 | D:7      | Found Ninenurr's Magic Scroll Boutique.
  6079 | D:7      | Found a radiant altar of Vehumet.
  6085 | D:7      | Bought a scroll of identify for 30 gold pieces
  6085 | D:7      | Bought a scroll of identify for 30 gold pieces
  6101 | D:7      | Found a flagged portal.
  6123 | Bailey   | Entered a bailey
  6351 | Bailey   | Reached skill level 6 in Conjurations
  6351 | Bailey   | Reached skill level 8 in Earth Magic
  6464 | Bailey   | Trevise: noice
  6546 | Bailey   | Trevise: Staff of air lol
  6546 | Bailey   | OTABOTABOTAB: every time i pick a specific thing
  6546 | Bailey   | OTABOTABOTAB: i get nothing for it
  6579 | Bailey   | Reached skill level 6 in Spellcasting
  6579 | Bailey   | Reached XP level 9. HP: 29/45 MP: 14/18
  6857 | Bailey   | HP: 11/45 [centaur/+0 spear (3)]
  7175 | Bailey   | Identified the +4 sling of Unreason {drain, Dex+6 SInv}
  7191 | Bailey   | Reached skill level 7 in Conjurations
  7191 | Bailey   | Reached skill level 9 in Earth Magic
  7664 | Bailey   | HP: 10/45 [centaur/+0 trident (5)]
  7664 | Bailey   | HP: 1/45 [centaur/javelin (9)]
  7671 | Bailey   | Reached skill level 7 in Spellcasting
  8181 | Bailey   | Reached skill level 8 in Conjurations
  8308 | Bailey   | Reached skill level 10 in Earth Magic
  8308 | Bailey   | Reached XP level 10. HP: 50/50 MP: 18/21
  8338 | Bailey   | OTABOTABOTAB: lol cold and air
  8991 | D:7      | Found a burning altar of Makhleb.
  8999 | D:7      | Found a blossoming altar of Fedhas.
  9024 | D:7      | Found a hide-covered altar of Uskayaw.
  9028 | D:7      | OTABOTABOTAB: VEHUMET OR SEF
  9028 | D:7      | OTABOTABOTAB: SIF
  9029 | D:7      | Found a shimmering blue altar of Sif Muna.
  9032 | D:7      | Found a bloodstained altar of Trog.
  9179 | D:7      | Became a worshipper of Sif Muna the Loreminder
  9180 | D:7      | OTABOTABOTAB: ?staff of battle
  9180 | D:7      | OTABOTABOTAB: ?Vehumet
  9528 | D:8      | Reached skill level 1 in Invocations
 10309 | D:9      | Noticed a two-headed ogre
 10316 | D:9      | Killed a two-headed ogre
 10317 | D:9      | Reached skill level 8 in Spellcasting
 10317 | D:9      | Reached skill level 9 in Conjurations
 10317 | D:9      | Reached skill level 2 in Invocations
 10321 | D:9      | Reached skill level 3 in Invocations
 10429 | D:9      | Noticed a green ugly thing
 10436 | D:9      | Killed a green ugly thing
 10505 | D:9      | HP: 10/50 [centaur/arrow (6)]
 10650 | D:9      | Reached skill level 4 in Invocations
 10700 | D:9      | Found a staircase to the Lair.
 10789 | D:9      | Noticed a two-headed ogre
 10795 | D:9      | Killed a two-headed ogre
 10981 | D:10     | Entered Level 10 of the Dungeon
 10986 | D:10     | Reached skill level 10 in Conjurations
 10988 | D:10     | Reached skill level 5 in Invocations
 10988 | D:10     | Reached XP level 11. HP: 49/54 MP: 10/23
 10991 | D:10     | Reached skill level 9 in Spellcasting
 10991 | D:10     | Trevise: Going to bed NN
 10998 | D:9      | OTABOTABOTAB: nn
 11164 | D:10     | Identified the +9 rapier of Foifesenn {heavy, *Noise rC+++
                  | rCorr Str+4}
 11200 | D:10     | Noticed a two-headed ogre
 11446 | D:10     | Reached skill level 6 in Invocations
 11448 | D:10     | Reached * piety under Sif Muna
 11620 | D:10     | Noticed an ogre mage
 11627 | D:10     | Killed an ogre mage
 11770 | D:10     | Reached skill level 7 in Invocations
 11808 | D:10     | HP: 13/54 [gargoyle/stone arrow (8)]
 11813 | D:10     | HP: 13/54 [centaur/sling bullet (1)]
 11816 | D:10     | HP: 3/54 [centaur/sling bullet (7)]
 11823 | D:10     | HP: 9/54 [two-headed ogre/+0 giant spiked club (7)]
 11823 | D:10     | HP: 1/54 [two-headed ogre/+0 giant spiked club (8)]
 11849 | D:10     | HP: 5/54 [wight/+0 hand axe (4)]
 11850 | D:10     | HP: 2/54 [wight/+0 hand axe (3)]
 12028 | D:9      | Reached skill level 10 in Spellcasting
 12275 | D:10     | Reached skill level 8 in Invocations
 12388 | D:10     | Found a staircase to the Orcish Mines.
 12465 | D:10     | Killed a two-headed ogre
 12657 | D:10     | Reached skill level 9 in Invocations
 12657 | D:10     | Reached ** piety under Sif Muna
 12986 | Orc:1    | Entered Level 1 of the Orcish Mines
 13111 | Lair:1   | Entered Level 1 of the Lair of Beasts
 13249 | Lair:1   | Reached skill level 1 in Ice Magic
 13364 | Lair:1   | Reached skill level 1 in Air Magic
 13601 | Lair:1   | Reached skill level 2 in Ice Magic
 13601 | Lair:1   | Reached XP level 12. HP: 59/59 MP: 19/26
 13665 | Lair:1   | Noticed an eight-headed hydra
 13671 | Lair:1   | Killed an eight-headed hydra
 13672 | Lair:1   | Reached skill level 2 in Air Magic
 13794 | Lair:1   | Noticed a six-headed hydra
 13798 | Lair:1   | HP: 5/59 [six-headed hydra (12)]
 13798 | Lair:1   | HP: 1/59 [six-headed hydra (4)]
 13799 | Lair:1   | Slain by a six-headed hydra

Illustrated notes

Levels and vault maps discovered:
D:1:      zelgadis_glass_arrival_large, layout_basic, minmay_misc_feat_tiny,
          minmay_vboxes
D:2:      layout_loops_corners
D:3:      layout_rooms
D:4:      layout_cave_pools, riverfiend_overflow_shadow_ancestor,
          mainiacjoe_overflow_alcove_1, minmay_temple_entry_crystal_x
D:5:      layout_gridville
D:6:      layout_loops_ring
D:7:      layout_basic, nicolae_overflow_hallway_of_the_gods, enter_bailey_5,
          serial_shops, shop
D:8:      layout_loops_corners
D:9:      layout_rooms, lair_entry_dummy
D:10:     hangedman_cross_stitches, layout_loops_ring, david_orc_4
Temple:   oiseaux_autumnal_temple
Lair:1:   layout_cave_pods
Orc:1:    layout_caves, serial_shops, nicolae_lakefront_shop,
          nicolae_shop_statue_plus, shop

Skill      XL: |  1  2  3  4  5  6  7  8  9 10 11 12 |
---------------+-------------------------------------+-----
Transmutations | 1 2 3 |  3.0
Earth Magic    | 4 5 6 8 10 | 10.0
Conjurations   | 1 2 3 4 6 8 10 | 10.4
Spellcasting   | 3 4 6 7 8 10 | 10.3
Invocations    | 5 9 |  9.1
Ice Magic      | 2 |  2.4
Air Magic      | 1 2 |  2.0
Fighting       | |  0.2
Dodging        | |  1.6
Stealth        | |  2.1

Action                   |  1- 3 |  4- 6 |  7- 9 | 10-12 || total
-------------------------+-------+-------+-------+-------++-------
Melee: Short sword       |    13 |    12 |     7 |       ||    32
       Unarmed           |     2 |       |       |       ||     2
       Staff             |       |       |    17 |       ||    17
       Rapier            |       |       |       |    13 ||    13
 Fire: Sling             |       |       |       |   176 ||   176
 Cast: Sandblast         |    56 |    79 |   121 |    14 ||   270
       Stone Arrow       |       |     1 |    67 |   118 ||   186
  Use: Scroll            |     8 |     3 |     5 |     9 ||    25
       Potion            |       |       |     5 |     7 ||    12
Armor: Robe              |    13 |    15 |    64 |    68 ||   160
Dodge: Dodged            |    15 |    33 |   115 |   104 ||   267

Table legend: (Time is in decaauts)
 A = Elapsed time spent in this place.
 B = Non-inter-level travel time spent in this place.
 C = Inter-level travel time spent in this place.
 D = Time resting spent in this place.
 E = Time spent auto-exploring this place.
 F = Levels seen in this place.
 G = Mean time per level.
                   A        B        C        D        E       F      G
               +--------+--------+--------+--------+--------+-----+--------+
         Total |  14039 |  13581 |    458 |   2441 |   8756 |  14 | 1002.8 |
       Dungeon |  10414 |   9988 |    426 |   1207 |   7464 |  10 | 1041.4 |
        Temple |    323 |    293 |     30 |      0 |    279 |   1 |  323.0 |
          Lair |    699 |    699 |      0 |      0 |    618 |   1 |  699.0 |
  Orcish Mines |     71 |     71 |      0 |     59 |      0 |   1 |   71.0 |
        Bailey |   2531 |   2531 |      0 |   1175 |    394 |   1 | 2531.0 |
               +--------+--------+--------+--------+--------+-----+--------+

Top non-repeatable levels by time:
  Bailey: 2531 daAuts
    D:10: 1543 daAuts
     D:9: 1254 daAuts
     D:5: 1217 daAuts
     D:1: 1185 daAuts
     D:8: 1106 daAuts
     D:6: 1090 daAuts
     D:2: 936 daAuts
     D:7: 833 daAuts
  Lair:1: 699 daAuts
     D:4: 636 daAuts
     D:3: 612 daAuts
  Temple: 323 daAuts
   Orc:1: 71 daAuts

Table legend:
 A = Kills in this place as a percentage of kills in entire the game.
 B = Kills by you in this place as a percentage of kills by you in the entire game.
 C = Kills by friends in this place as a percentage of kills by friends in the entire game.
 D = Other kills in this place as a percentage of other kills in the entire game.
 E = Experience gained in this place as a percentage of experience gained in the entire game.
 F = Experience gained in this place divided by the number of levels of this place that you have seen.
                   A       B       C       D       E      F
               +-------+-------+-------+-------+-------+----------------------
         Total | 100.0 | 100.0 |   N/A |   N/A | 100.0 | 1376.9
       Dungeon |  76.0 |  76.0 |   N/A |   N/A |  67.7 | 1304.4
          Lair |   4.0 |   4.0 |   N/A |   N/A |  16.6 | 3200.0
  Orcish Mines |   1.2 |   1.2 |   N/A |   N/A |   0.7 | 139.0
        Bailey |  18.8 |  18.8 |   N/A |   N/A |  15.0 | 2893.0
               +-------+-------+-------+-------+-------+----------------------
